 Dungeon Crawl Stone Soup version 0.27-a0-1200-g94dc6ad4cf (webtiles) character file.

Game seed: 5444521746667462220

57 Glokmah the Vexing (level 4, 0/33 HPs)
             Began as a Formicid Arcane Marksman on May 30, 2021.
             Slain by an adder (1 damage)
             ... on level 2 of the Dungeon.
             The game lasted 00:04:17 (2135 turns).

Glokmah the Vexing (Formicid Arcane Marksman)       Turns: 2135, Time: 00:04:17

Health: 0/33       AC:  3    Str: 14    XL:     4   Next: 18%
Magic:  2/6        EV: 11    Int: 13    God:
Gold:   83         SH:  0    Dex: 12    Spells: 3/6 levels left

rFire    . . .     SeeInvis +   b - +0 dagger (protect)
rCold    . . .     Faith    .   (no shield)
rNeg     . . .     Spirit   .   l - +0 leather armour
rPois    .         Reflect  .   (helmet unavailable)
rElec    .         Harm     .   (no cloak)
rCorr    .         Rampage  .   (no gloves)
Will     .....                  (no boots)
Stlth    +.........             (no amulet)
HPRegen  0.11/turn              (no ring)
MPRegen  0.10/turn              (no ring)

@: mighty, lethally poisoned (0 -> -3), attractive
A: permanent stasis, dig shafts and tunnels, antennae 3, four strong arms
a: Dig, Shaft Self


You were on level 2 of the Dungeon.
You visited 1 branch of the dungeon, and saw 2 of its levels.

You collected 83 gold pieces.

Inventory:

Hand Weapons
 a - a +1 hand crossbow
 b - a +0 dagger of protection (weapon)
Missiles
 d - 16 bolts
Armour
 e - a +0 robe
 l - a +0 leather armour (worn)
Scrolls
 f - 2 scrolls of enchant weapon
 h - a scroll of noise {unknown}
 i - a scroll of blinking {unknown}
 j - a scroll of enchant armour {unknown}
 k - a scroll of identify {unknown}


   Skills:
 + Level 2.0 Fighting
 * Level 3.0 Crossbows
 - Level 1.7 Dodging
 + Level 1.8 Spellcasting
 + Level 4.1 Hexes


You had 3 spell levels left.
You knew the following spells:

 Your Spells              Type           Power      Damage    Failure   Level
a - Corona                Hex            12%        N/A       6%          1
b - Slow                  Hex            11%        N/A       9%          2

Your spell library contained the following spells:

 Spells                   Type           Power      Damage    Failure   Level
 Magic Dart               Conj           4%         1d3       32%         1
 Inner Flame              Hex/Fire       6%         N/A       38%         3
 Portal Projectile        Hex/Tloc       12%        N/A       38%         3
 Call Imp                 Summ           1%         N/A       45%         2
 Conjure Flame            Conj/Fire      1%         6-21      69%         3
 Mephitic Cloud           Conj/Pois/Air  1%         N/A       69%         3
 Cause Fear               Hex            5%         N/A       52%         4
 Leda's Liquefaction      Hex/Erth       3%         N/A       80%         4
 Blink                    Tloc           Unusable   N/A       N/A         2

Dungeon Overview and Level Annotations

Branches:
Dungeon (2/15)

Altars:

Shops:
D:1 ?


Innate Abilities, Weirdness & Mutations

You cannot be hasted, slowed, berserked, paralysed or teleported.
You can dig through walls and to a lower floor.
You have a pair of large antennae on your head. (SInv)
Your four strong arms can wield two-handed weapons with a shield.


Message History

Casting: Slow (safe; 9% risk of failure)
Confirm with . or Enter, or press ? or * to list all spells.
Aiming: Slow (safe; 9% risk of failure)
Press: ? - help, Shift-Dir - straight line, f/p - adder
Aim: an adder (chance to affect: 55%)
The adder seems to slow down.
The adder barely misses you.
You closely miss the adder. The adder barely misses you.
You closely miss the adder. The adder misses you.
You closely miss the adder. The adder bites you but does no damage.
You barely miss the adder. The adder bites you.
You completely miss the adder. The adder bites you.
You are poisoned.
The adder poisons you!
You barely miss the adder.
You feel sick.
Okay, then.
You feel sick.
You feel sick.
You feel sick.
You feel sick.
You feel sick.
There is a stone staircase leading down here.
You feel sick.
You are no longer poisoned.
The adder is no longer moving slowly.
The adder bites you.
* * * LOW HITPOINT WARNING * * *
It was a potion of might.
You feel very mighty all of a sudden. The adder barely misses you.
It was a potion of attraction.
You feel attractive to monsters. The adder misses you.
It was a potion of haste.
Your stasis prevents you from being hasted.
The adder bites you but does no damage.
You closely miss the adder. The adder bites you.
* * * LOW HITPOINT WARNING * * *
You are lethally poisoned!
The adder poisons you! The adder bites you.
You die...

.#.#####.###................#...
......#...................#..#
.#.##....###.........>...†.#.#
.#.#####.# ######...#####.##...
##.......# #...# #.# #..
#######.# #...# #†####..# ## #.#
#...# #.......# .#######.####
##S).#######...... ............#
##@............#.##
.####.#####.# #<.......## >.# #
.# #.# #.###..#.#...####.?# .#
#.# .................#..# ## #.#
##.###....#...##....# # #).
#........# .... # #..
#....[........ # ###
#[##.##.#..... #.##.# .#.....


You could see an adder.

Vanquished Creatures
  An adder (D:2)
  3 dart slugs
  An orc (D:2)
  4 ball pythons
  5 bats
  3 endoplasms (D:1)
  2 giant cockroaches (D:1)
  2 goblins (D:1)
  2 hobgoblins
  6 jackals (D:1)
  A quokka (D:1)
  2 frilled lizards (D:1)
  3 kobolds
  3 rats
38 creatures vanquished.

Notes
Turn   | Place    | Note
-------+----------+-------------------------------------------
     0 | D:1      | Glokmah the Formicid Arcane Marksman began the quest for
                  | the Orb.
     0 | D:1      | Reached XP level 1. HP: 15/15 MP: 2/2
    51 | D:1      | Reached XP level 2. HP: 13/21 MP: 3/3
   230 | D:1      | Learned a level 2 spell: Slow
   735 | D:1      | Found Xiochy's Magic Scroll Shoppe.
   817 | D:1      | Reached XP level 3. HP: 20/26 MP: 5/5
  1155 | D:1      | Reached skill level 4 in Hexes
  2111 | D:2      | Reached XP level 4. HP: 18/33 MP: 6/6
  2135 | D:2      | HP: 1/33 [adder (2)]
  2135 | D:2      | Slain by an adder

Illustrated notes

Levels and vault maps discovered:
D:1:      dpeg_arrival_simpleton_b, layout_basic, serial_shops, shop_scrolls
D:2:      layout_loops_cross, basic_ecumenical_altar

Skill      XL: |  1  2  3 |
---------------+----------+-----
Hexes          | 4 |  4.1
Fighting       | 2 |  2.0
Crossbows      | 3 |  3.0
Dodging        | |  1.7
Spellcasting   | |  1.8

Action                   |  1- 3 |  4- 6 || total
-------------------------+-------+-------++-------
Melee: Short sword       |    94 |       ||    94
       Dagger            |   102 |     7 ||   109
 Fire: Hand crossbow     |    14 |       ||    14
 Cast: Slow              |       |     3 ||     3
  Use: Scroll            |     1 |       ||     1
       Potion            |       |     3 ||     3
Armor: Robe              |     2 |       ||     2
       Leather armour    |    99 |     3 ||   102
Dodge: Dodged            |   157 |     6 ||   163

Table legend: (Time is in decaauts)
 A = Elapsed time spent in this place.
 B = Non-inter-level travel time spent in this place.
 C = Inter-level travel time spent in this place.
 D = Time resting spent in this place.
 E = Time spent auto-exploring this place.
 F = Levels seen in this place.
 G = Mean time per level.
                   A        B        C        D        E       F      G
               +--------+--------+--------+--------+--------+-----+--------+
         Total |   2150 |   2059 |     91 |    482 |   1004 |   2 | 1075.0 |
       Dungeon |   2150 |   2059 |     91 |    482 |   1004 |   2 | 1075.0 |
               +--------+--------+--------+--------+--------+-----+--------+

Top non-repeatable levels by time:
     D:1: 1564 daAuts
     D:2: 586 daAuts
